 Dungeon Crawl Stone Soup version 0.18-a0-1203-gbde16db (webtiles) character file.

230 JustSomeDude the Ducker (level 5, -9/42 HPs)
             Began as a Demonspawn Monk on Feb 1, 2016.
             Killed by nerve-wracking pain
             ... invoked by an orc priest
              (10 damage)
             ... on level 4 of the Dungeon.
             The game lasted 00:03:20 (2046 turns).

JustSomeDude the Ducker (Demonspawn Monk)           Turns: 2046, Time: 00:03:21

Health: -9/42      AC:  8    Str: 12    XL:     5   Next: 72%
Magic:  0/5        EV: 12    Int: 12    God:
Gold:   135        SH:  0    Dex: 15    Spells: 0 memorised, 4 levels left

rFire  . . .     SeeInvis .     j - +0 hand axe
rCold  . . .     Gourm    .     c - +0 ring mail
rNeg   . . .     Faith    .     (no shield)
rPois  .         Spirit   +     e - +0 helmet
rElec  .         Dismiss  .     (no cloak)
rCorr  .         Reflect  .     (no gloves)
SustAt .         Harm     .     (no boots)
MR     .....                    (no amulet)
Stlth  +.........               (no ring)
                                (no ring)

@: very slightly contaminated, hasted, very quick, not resistant to hostile
enchantments, very unstealthy
A: talons 1, slimy green scales 1, demonic guardian 1, magic shield
a: no special abilities


You were on level 4 of the Dungeon.
You were very hungry.

You visited 1 branch of the dungeon, and saw 4 of its levels.

You collected 135 gold pieces.

Inventory:

Hand Weapons
 j - a +0 hand axe (weapon)
Armour
 c - a +0 ring mail (worn)
 e - a +0 helmet (worn)
Jewellery
 k - an uncursed ring of resist corrosion {unknown}
 l - an uncursed amulet of regeneration {unknown}
Scrolls
 d - 2 scrolls of recharging {unknown}
 g - a scroll of fog {unknown}
 h - 2 scrolls of remove curse {unknown}
 i - 4 scrolls of identify {unknown}
Potions
 a - 2 potions of haste
 m - a potion of resistance
Comestibles
 b - a bread ration
 f - 2 meat rations
 n - a beef jerky
 o - 3 fruits


   Skills:
 + Level 3.8 Fighting
 + Level 1.1 Axes
 + Level 1.3 Armour
 + Level 4.4 Dodging
 + Level 2.1 Stealth
 + Level 4.1 Unarmed Combat


You had 4 spell levels left.
You didn't know any spells.

Dungeon Overview and Level Annotations

Branches:
Dungeon (4/15)
 Temple: D:4-7

Altars:
Fedhas
Makhleb
Pakellas
Vehumet

Shops:
D:2 }


Innate Abilities, Weirdness & Mutations

You have sharp toenails.
You are partially covered in slimy green scales (AC +2).
A weak demonic guardian rushes to your aid.
When hurt, damage is shared between your health and your magic reserves.


Message History

You barely miss the orc priest.
The orc priest mumbles some strange prayers to Beogh against you.
Something smites you!
* * * LOW HITPOINT WARNING * * *
You are too injured to fight recklessly!
You hit the orc priest. You claw the orc priest.
The orc priest is moderately wounded.
The orc priest casts a cantrip, but nothing happens.
The orc priest completely misses you.
You hit the orc priest.
You claw the orc priest, but do no damage.
The orc priest is heavily wounded.
The orc priest hits you but does no damage.
You hit the orc priest.
The orc priest is heavily wounded.
The orc wizard gestures wildly while chanting.
The orc wizard blinks!
The orc priest calls down the wrath of Beogh upon you.
Pain shoots through your body!
You die...

# .##
##.########ยง..###
.......<5@oo.....
...########...###
.## #


You could see 2 orc priests and a friendly quasit.

Vanquished Creatures
  The ghost of PeterLawrence the Cudgeler, an amateur MiFi (D:3)
  An orc wizard (D:4)
  Natasha (D:2)
  5 adders
  4 oozes
  A giant gecko (D:2)
  An orc (D:3)
  5 bats
  4 giant cockroaches
  9 goblins
  4 hobgoblins
  12 kobolds
  A quokka (D:2)
  3 giant newts
  8 rats
60 creatures vanquished.

Notes
Turn   | Place    | Note
--------------------------------------------------------------
     0 | D:1      | JustSomeDude the Demonspawn Monk began the quest for the Orb.
     0 | D:1      | Reached XP level 1. HP: 18/18 MP: 1/1
    91 | D:1      | Gained mutation: You are partially covered in slimy green scales (AC +2). [demonic ancestry]
    91 | D:1      | Reached XP level 2. HP: 21/24 MP: 2/2
   536 | D:2      | Gained mutation: When hurt, damage is shared between your health and your magic reserves. [demonic ancestry]
   536 | D:2      | Reached XP level 3. HP: 26/29 MP: 3/3
   550 | D:2      | Found a burning altar of Makhleb.
   672 | D:2      | Reached skill level 4 in Unarmed Combat
   697 | D:2      | Found an oddly glowing altar of Pakellas.
   697 | D:2      | Found Pakellas's Prime Provisions.
   882 | D:2      | Found a radiant altar of Vehumet.
   891 | D:2      | Noticed Natasha
   901 | D:2      | Killed Natasha
   901 | D:2      | Gained mutation: A weak demonic guardian rushes to your aid. [demonic ancestry]
   901 | D:2      | Reached XP level 4. HP: 31/35 MP: 4/4
  1183 | D:2      | Found a burning altar of Makhleb.
  1239 | D:3      | Noticed PeterLawrence's ghost (amateur MiFi)
  1248 | D:3      | Killed PeterLawrence's ghost
  1248 | D:3      | Reached skill level 1 in Armour
  1248 | D:3      | Gained mutation: You have sharp toenails. [demonic ancestry]
  1248 | D:3      | Reached XP level 5. HP: 20/42 MP: 2/5
  1958 | D:3      | Found a blossoming altar of Fedhas.
  2038 | D:4      | Reached skill level 1 in Axes
  2043 | D:4      | HP: 1/42 [orc priest/divine providence (8)]
  2046 | D:4      | Killed from afar by an orc priest

Vault maps used:
D:1:      lightli_arrival_flooded_house
D:2:      lemuel_coloured_pillars_altar, nicolae_overflow_hidden_temple,
          johnstein_pakellas_shop, vehumet_crystals, bloody_makhleb,
          uniq_natasha
D:3:      fedhas_altar_fruit_tree
D:4:      grunt_temple_overflow_open, old_standard_altar, elyvilon_altar_5,
          enter_ossuary_5

Action                   |  1- 3 |  4- 6 || total
-------------------------+-------+-------++-------
Melee: Unarmed           |    91 |       ||    91
       Hand axe          |    62 |   103 ||   165
  Use: Potion            |       |     4 ||     4
 Stab: Sleeping          |     1 |       ||     1
       Distracted        |       |     1 ||     1
  Eat: Chunk             |       |     3 ||     3
